 Dungeon Crawl Stone Soup version 0.24-a0-463-g3510def36b (webtiles) character file.

Game seed: 4069614960690127140

0 vurker the Caller (level 1, 0/13 HPs)
             Began as a Gnoll Summoner on July 2, 2019.
             Slain by a jackal (2 damage)
             ... on level 1 of the Dungeon.
             The game lasted 00:00:09 (43 turns).

vurker the Caller (Gnoll Summoner)                    Turns: 43, Time: 00:00:10

Health: 0/13       AC:  2    Str: 10    XL:     1   Next: 10%
Magic:  4/6        EV: 14    Int: 17    God:
Gold:   5          SH:  0    Dex: 15    Spells: 8/9 levels left

rFire    . . .     SeeInvis .   (no weapon)
rCold    . . .     Gourm    .   (no shield)
rNeg     . . .     Faith    .   a - +0 robe
rPois    .         Spirit   .   (no helmet)
rElec    .         Reflect  .   (no cloak)
rCorr    .         Harm     .   (no gloves)
MR       .....                  (no boots)
Stlth    +++.......             (no amulet)
HPRegen  0.04/turn              (no ring)
MPRegen  0.10/turn              (no ring)

@: no status effects
A: distributed training, fangs 1, strong nose
a: no special abilities


You were on level 1 of the Dungeon.
You were not hungry.

You visited 1 branch of the dungeon, and saw 1 of its levels.

You collected 5 gold pieces.

Inventory:

Armour
 a - a +0 robe (worn)
Comestibles
 e - a ration {!d}


   Skills:
 + Level 0.0 Fighting
 + Level 0.0 Short Blades
 + Level 0.0 Long Blades
 + Level 0.0 Axes
 + Level 0.0 Maces & Flails
 + Level 0.0 Polearms
 + Level 0.0 Staves
 + Level 0.0 Slings
 + Level 0.0 Bows
 + Level 0.0 Crossbows
 + Level 0.0 Throwing
 + Level 0.0 Armour
 + Level 4.4 Dodging
 + Level 4.0 Stealth
 + Level 0.0 Shields
 + Level 0.0 Unarmed Combat
 + Level 4.8 Spellcasting
 + Level 0.0 Conjurations
 + Level 0.0 Hexes
 + Level 0.0 Charms
 + Level 7.0 Summonings
 + Level 0.0 Necromancy
 + Level 0.0 Translocations
 + Level 0.0 Transmutations
 + Level 0.0 Fire Magic
 + Level 0.0 Ice Magic
 + Level 0.0 Air Magic
 + Level 0.0 Earth Magic
 + Level 0.0 Poison Magic
 + Level 0.0 Invocations
 + Level 0.0 Evocations


You had 8 spell levels left.
You knew the following spells:

 Your Spells              Type           Power        Failure   Level  Hunger
a - Summon Small Mammal   Summ           ####         1%          1    None

Your spell library contained the following spells:

 Spells                   Type           Power        Failure   Level  Hunger
 Call Imp                 Summ           ####....     1%          2    #......
 Call Canine Familiar     Summ           ####....     2%          3    ###....
 Summon Guardian Golem    Hex/Summ       ###.....     11%         3    ###....
 Summon Ice Beast         Ice/Summ       ###.....     34%         4    ####...
 Summon Lightning Spire   Summ/Air       ###.....     34%         4    ####...


Dungeon Overview and Level Annotations

Branches:
Dungeon (1/15)

Altars:


Innate Abilities, Weirdness & Mutations

Your experience applies equally to all skills.
You have very sharp teeth.
Your uncanny sense of smell can sniff out nearby items.


Message History

A jackal comes into view.
The jackal barks!
A jackal comes into view.
The jackal barks!
A bat comes into view.
The bat moves out of view.
Found 6 gold pieces.
The jackal bites you but does no damage.
The jackal misses you. The jackal bites you.
You hit the jackal but do no damage.
Your bat barely misses the jackal.
Your bat completely misses the jackal.
The jackal misses you.
The jackal bites you but does no damage.
You barely miss the jackal. The jackal bites you.
Your bat barely misses the jackal.
The jackal misses you. The jackal barely misses you.
Your quokka completely misses the jackal.
The jackal closely misses you.
You hit the jackal but do no damage.
Your bat barely misses the jackal.
The jackal barely misses you.
The jackal bites you but does no damage.
Your bat misses the jackal.
Your quokka bites the jackal but does no damage.
The jackal completely misses you. The jackal closely misses you.
The jackal misses you.
Your bat hits the jackal. You barely miss the jackal.
Your bat misses the jackal. The jackal bites you.
Your quokka barely misses the jackal.
The jackal barely misses you. x2
The jackal misses you.
Your quokka bites the jackal.
You barely miss the jackal.
Your bat closely misses the jackal.
The jackal bites you.
* * * LOW HITPOINT WARNING * * *
The jackal misses you. The jackal closely misses you.
Your quokka barely misses the jackal.
The jackal closely misses you. x2
Your bat hits the jackal but does no damage. x2
The bat misses your bat. The jackal barely misses your quokka.
Your quokka bites the jackal.
The jackal misses your quokka. The bat hits your bat.
Your bat hits the jackal. The jackal closely misses your quokka.
The bat barely misses your bat. The jackal bites you.
* * * LOW HITPOINT WARNING * * *
The jackal barely misses your quokka.
Your quokka barely misses the jackal.
The jackal barely misses your quokka.
Your bat barely misses the jackal.
You barely miss the jackal. The bat hits your quokka.
Your bat hits the jackal but does no damage.
The bat hits your quokka but does no damage.
The jackal misses you. The jackal bites your quokka.
Your bat hits the jackal but does no damage.
Your quokka bites the jackal.
The jackal dies!
Your quokka closely misses the jackal.
The jackal bites you.
You die... ....# .# . ....#..# .. ...#..# ... #!.#..# ....##..#..###. .........b....$ ........hb.# #hrr#

♣♣♣♣♣♣ #.@.# ♣
♣♣≈≈..♣♣#...#♣♣..
♣8≈≈^...........^
♣♣P≈.P♣P....PP♣..
♣♣♣♣♣♣♣♣...♣♣♣ ♣♣
♣♣♣.P♣♣♣P..♣♣♣P.♣
♣♣P≈.P♣....P.P♣..≈
♣8≈≈^...........^
♣♣≈≈.P♣.......♣..≈


You could see 2 jackals, a bat, 2 friendly quokkas and a friendly bat.

Vanquished Creatures (collateral kills)
  A jackal (D:1)
1 creature vanquished.

Notes
Turn   | Place    | Note
-------+----------+-------------------------------------------
     0 | D:1      | vurker the Gnoll Summoner began the quest for the Orb.
     0 | D:1      | Reached XP level 1. HP: 13/13 MP: 6/6
    43 | D:1      | Slain by a jackal

Levels and vault maps discovered:
D:1:      psy_arrival_wood_between_worlds, layout_loops_ring,
          grunt_decor_mini_mirrors

Action                   || total
-------------------------++-------
Melee: Unarmed           ||     6
 Cast: Summon Small Mamm ||     3
Armor: Robe              ||     3
Dodge: Dodged            ||    17

Table legend:
 A = Non-vault XP
 B = Vault XP
 C = Vault XP percentage of total XP
 D = Non-vault monster count
 E = Vault monster count
 F = Vault count percentage of total count
                 A         B        C        D         E       F
            +---------+---------+-------+---------+---------+-------
      Total |       1 |       0 |   0.0 |       1 |       0 |   0.0
            +---------+---------+-------+---------+---------+-------
        D:1 |       1 |       0 |   0.0 |       1 |       0 |   0.0
            +---------+---------+-------+---------+---------+-------
